 Dungeon Crawl Stone Soup version 0.29.0-7-g18a832c13a (webtiles) character file.

Game seed: 7615601999428126018

5625 Sobieck the Slicer (level 11, 0/57 HPs)
             Began as a Kobold Earth Elementalist on Aug 31, 2022.
             Was a Follower of Hepliaklqana.
             Slain by a basilisk (5 damage)
             ... while petrified by a basilisk
             ... on level 9 of the Dungeon.
             The game lasted 00:18:24 (10675 turns).

Sobieck the Slicer (Kobold Earth Elementalist)     Turns: 10675, Time: 00:18:25

Health: 0/57       AC:  9    Str:  5    XL:     11   Next: 3%
Magic:  20/20      EV:  3    Int: 21    God:    Hepliaklqana [*.....]
Gold:   1224       SH:  0    Dex: 22    Spells: 15/22 levels left

rFire   . . .      SeeInvis .   a - +2 short sword (drain) {short}
rCold   . . .      Faith    .   (no shield)
rNeg    + + +      Spirit   .   p - +0 robe
rPois   ∞          Reflect  .   K - +1 helmet
rElec   .          Harm     .   q - +0 cloak
rCorr   .          Rampage  .   U - +1 pair of gloves
Will    .....                   l - +1 pair of boots
Stlth   ++++++....              Y - amulet of magic regeneration {@e2}
HPRegen 0.19/turn               D - +6 ring of dexterity
MPRegen 0.57/turn               I - +4 ring of slaying

@: lethally poisoned (0 -> 0), petrified
A: reduced essence, small, no large weapons, nightstalker 3
a: Renounce Religion, Recall Ancestor, Ancestor Identity


You were on level 9 of the Dungeon.
You worshipped Hepliaklqana.
Hepliaklqana was aware of your devotion.
You visited 2 branches of the dungeon, and saw 10 of its levels.
You also visited: Bailey.

You collected 1432 gold pieces.
You spent 208 gold pieces at shops.


Innate Abilities, Weirdness & Mutations

Your life essence is reduced to manifest your ancestor. (-10% HP)
You are small and have problems with some larger weapons.
You are completely attuned to the shadows.


   Skills:
 - Level 6.0 Fighting
 + Level 10.3 Short Blades
 - Level 2.4 Dodging
 - Level 9.0 Stealth
 - Level 6.0 Spellcasting
 - Level 5.0 Transmutations
 + Level 8.4 Earth Magic


You had 15 spell levels left.
You knew the following spells:

 Your Spells              Type           Power      Damage    Failure   Level
a - Sandblast             Erth           82%        2d17      1%          1
b - Passwall              Tmut/Erth      28%        N/A       1%          2
c - Petrify               Tmut/Erth      34%        N/A       6%          4

Your spell library contained the following spells:

 Spells                   Type           Power      Damage    Failure   Level
 Sting                    Tmut/Pois      64%        1d6       3%          1
 Stone Arrow              Conj/Erth      48%        3d10      5%          3
 Poisonous Vapours        Pois/Air       12%        N/A       14%         2
 Ignite Poison            Fire/Tmut/Pois 13%        N/A       16%         3
 Conjure Flame            Conj/Fire      6%         6-21      28%         3
 Tukima's Dance           Hex            6%         N/A       28%         3
 Olgreb's Toxic Radiance  Pois           6%         N/A       67%         4
 Passage of Golubria      Tloc           6%         N/A       67%         4
 Sticky Flame             Conj/Fire      6%         2d3       67%         4
 Yara's Violent Unravell  Hex/Tmut       8%         3d5       67%         5

Inventory:

Hand Weapons
 a - a +2 short sword of draining (weapon) {short}
   (You took it off a kobold on level 4 of the Dungeon)
 e - a +0 club {mace}
   (You found it on level 1 of the Dungeon)
 h - a +0 short sword {short}
   (You took it off a kobold on level 1 of the Dungeon)
 F - a +1 dagger of holy wrath {short}
   (You took it off an orc on level 7 of the Dungeon)
Missiles
 f - 13 poisoned darts {throwing}
 i - 73 stones {throwing}
 n - 9 atropa-tipped darts {throwing}
 o - 5 datura-tipped darts {throwing}
 u - 3 silver boomerangs {throwing}
 Z - 18 boomerangs {throwing}
Armour
 l - a +1 pair of boots (worn)
   (You found it on level 1 of the Dungeon)
 p - a +0 robe (worn)
 q - a +0 cloak (worn)
   (You found it on level 8 of the Dungeon)
 s - +0 acid dragon scales
   (You found it on level 7 of the Dungeon)
 v - a +0 leather armour
   (You found it on level 3 of the Dungeon)
 H - a +0 leather armour
   (You took it off a goblin on level 4 of the Dungeon)
 K - a +1 helmet (worn)
   (You bought it in a shop on level 4 of the Dungeon)
 L - a +0 robe
   (You took it off an orc wizard on level 5 of the Dungeon)
 N - a +0 ring mail
   (You took it off an orc on level 5 of the Dungeon)
 S - a +0 leather armour
   (You took it off an orc on level 6 of the Dungeon)
 U - a +1 pair of gloves (worn)
   (You found it on level 6 of the Dungeon)
 V - a +0 scale mail
   (You took it off a gnoll sergeant on level 6 of the Dungeon)
Magical Staves
 M - a staff of conjuration {!a@e2staff}
   (You found it on level 7 of the Dungeon)
Jewellery
 d - a ring of resist corrosion
   (You found it on level 1 of the Dungeon)
 r - a ring of willpower
   (You found it on level 3 of the Dungeon)
 D - a +6 ring of dexterity (left hand)
   (You found it on level 4 of the Dungeon)
 I - a +4 ring of slaying (right hand)
   (You found it on level 4 of the Dungeon)
 Y - an amulet of magic regeneration (around neck) {@e2}
   (You found it on level 6 of the Dungeon)
Wands
 E - a wand of quicksilver (13)
   (You took it off an orc on level 7 of the Dungeon)
 G - a wand of flame (35)
   (You took it off a hobgoblin on level 4 of the Dungeon)
Scrolls
 g - 2 scrolls of magic mapping {!r}
 k - 2 scrolls of amnesia
 t - a scroll of enchant weapon
 w - 2 scrolls of noise {!r}
 A - a scroll of enchant armour
 B - 4 scrolls of teleportation {@r4}
 P - 4 scrolls of vulnerability {!r!r}
 T - a scroll of poison {unknown}
 W - 2 scrolls of immolation {!r!r}
 X - a scroll of butterflies
Potions
 b - a potion of magic
 c - 6 potions of curing {@q1}
 j - a potion of attraction {!q}
 m - 3 potions of mutation {!q}
 x - 4 potions of flight
 y - a potion of heal wounds {unknown}
 z - a potion of might {unknown}
 C - a potion of haste {@q3}
 J - 4 potions of cancellation
 O - a potion of resistance {unknown}
 Q - a potion of invisibility {unknown}
 R - 2 potions of brilliance

Dungeon Overview and Level Annotations

Branches:
Dungeon (9/15) Zot: 26759  Temple (1/1) D:6 Zot: 5998    Lair (0/5) D:9
 Bailey (visited)
    Orc: D:9-12

Altars:
Cheibriados
Dithmenos
Elyvilon
Hepliaklqana
Kikubaaqudgha
Nemelex Xobeh
Okawaru
Qazlal
Trog
Uskayaw
Vehumet
Wu Jian
Xom
Yredelemnul
Zin

Shops:
D:4

* ######.# #.#####
########......
.........#####
########.# #.# .
#.######## ..
#.##.....##...
#[.......@ll..
########P.....PlyyY..
....††..♣.♣.....Pc...
#######.....P......Y.
#...P........PP.
#........♣...
#.♣.....> #...♣.♣.
..P .


You could see 2 yaks, 2 basilisks, a wyvern, a centaur and 2 killer bees.


Message History

You resist with some effort. The killer bee stings you.
The killer bee stings you but does no damage.
The basilisk gazes at you. You resist with some effort.
The blast of sand hits the killer bee!
You kill the killer bee!
Dunstan closely misses the basilisk.
The basilisk gazes at you.
You are slowing down.
A killer bee comes into view.
The killer bee stings you.
The blast of sand misses the killer bee.
The killer bee stings you but does no damage. x2
The killer bee stings you.
You are poisoned.
The killer bee poisons you!
You hear a twanging sound.
An arrow appears from out of your range of vision.
The arrow hits Dunstan.
Dunstan closely misses the killer bee.
The basilisk bites you! The killer bee stings you.
You are more poisoned.
The killer bee poisons you! The killer bee stings you.
You hear a twanging sound.
An arrow appears from out of your range of vision.
The arrow hits Dunstan.
Dunstan completely misses the killer bee.
You have turned to stone.
The killer bee stings you. The killer bee completely misses you.
You hear a twanging sound.
An arrow appears from out of your range of vision.
The arrow misses Dunstan.
The basilisk bites you. The killer bee barely misses you.
The killer bee stings you but does no damage.
Dunstan misses the killer bee.
You hear a bellow!
You hear a bellow! x2
The killer bee stings you but does no damage. x2
You hear a twanging sound.
An arrow appears from out of your range of vision.
The arrow hits Dunstan!
The basilisk bites you. The basilisk bites you!
* * * LOW HITPOINT WARNING * * *
A wyvern comes into view.
The killer bee stings you but does no damage.
The killer bee stings you.
* * * LOW HITPOINT WARNING * * *
You hear a twanging sound.
An arrow appears from out of your range of vision.
The arrow hits Dunstan!
Dunstan closely misses the killer bee.
The killer bee stings you but does no damage.
The killer bee barely misses you.
The basilisk bites you but does no damage. x2
The killer bee stings you but does no damage. x2
Dunstan hits the killer bee.
The killer bee barely misses you.
The killer bee stings you but does no damage.
A centaur comes into view. It is wielding a +0 shortbow.
The basilisk bites you.
* * * LOW HITPOINT WARNING * * *
The basilisk hisses menacingly.
The basilisk bites you but does no damage.
The killer bee stings you but does no damage.
The killer bee barely misses you.
The centaur shoots an arrow.
The arrow hits Dunstan!
Dunstan is destroyed!
The killer bee barely misses you.
The killer bee stings you but does no damage.
A yak comes into view.
The basilisk bites you!
* * * LOW HITPOINT WARNING * * *
The basilisk bites you but does no damage.
The killer bee stings you but does no damage.
The killer bee stings you.
* * * LOW HITPOINT WARNING * * *
The killer bee stings you.
* * * LOW HITPOINT WARNING * * *
The killer bee stings you.
* * * LOW HITPOINT WARNING * * *
The basilisk gazes at you.
The basilisk hisses menacingly.
The basilisk bites you!
* * * LOW HITPOINT WARNING * * *
The killer bee stings you.
* * * LOW HITPOINT WARNING * * *
The killer bee stings you but does no damage.
The killer bee barely misses you. The killer bee stings you.
* * * LOW HITPOINT WARNING * * *
A yak comes into view.
The centaur unwields a +0 shortbow.
The centaur hits the bush but does no damage.
The centaur kicks the bush but does no damage.
The basilisk bites you.
* * * LOW HITPOINT WARNING * * *
The basilisk gazes at you.
The killer bee stings you but does no damage. x2
The killer bee stings you but does no damage.
The killer bee stings you.
The centaur hits the bush but does no damage.
The centaur kicks the bush but does no damage.
The basilisk bites you!
You die...

Skill      XL: |  1  2  3  4  5  6  7  8  9 10 |
---------------+-------------------------------+-----
Stealth        | 3 4 5 7 9 |  9.0
Short Blades   | 1 2 3 5 7 8 10 | 10.3
Earth Magic    | 4 5 6 7 8 |  8.4
Fighting       | 1 4 6 |  6.0
Transmutations | 3 5 |  5.0
Spellcasting   | 4 6 |  6.0
Dodging        | |  2.4

Action                   |  1- 3 |  4- 6 |  7- 9 | 10-12 || total
-------------------------+-------+-------+-------+-------++-------
Melee: Short sword       |       |       |    50 |    16 ||    66
       Punch             |       |       |     2 |       ||     2
 Cast: Sandblast         |    35 |    84 |   188 |    42 ||   349
       Passwall          |       |       |     3 |     5 ||     8
  Use: Scroll            |       |     3 |    12 |     1 ||    16
       Potion            |       |       |     1 |       ||     1
 Stab: Sleeping          |       |       |     9 |     9 ||    18
Armor: Robe              |       |     1 |    21 |    27 ||    49
Dodge: Dodged            |     9 |    23 |    98 |    12 ||   142

Levels and vault maps discovered:
D:1:      kilobyte_arrival_exit_the_forest, layout_loops_ring
D:2:      layout_rooms, chequers_ecumenical_altar_island
D:3:      layout_rooms, mainiacjoe_overflow_cross_hatched,
          okawaru_ov_weapons_minmay, nicolae_elyvilon_temple_path
D:4:      layout_loops_corners, kennysheep_little_box, vehumet_altar_wand_db,
          serial_shops, nicolae_square_shop
D:5:      layout_rooms, kiku_gazebo_garden_becter, zin_statuary, serial_glass,
          glass_columns_b, glass_columns_a, glass_columns_a
D:6:      layout_rooms, minmay_temple_entry_arrows
D:7:      layout_basic, mainiacjoe_overflow_surrounded_room, chei_slow_surprise,
          nicolae_uskayaw_murder_on_the_dancefloor
D:8:      kennysheep_blocky_room, layout_basic,
          nicolae_qazlal_style_of_elements, old_standard_altar,
          grunt_dithmenos_shadows, mainiacjoe_overflow_tiny_flanked,
          led_xom_imps, enter_bailey_2, uniq_joseph
D:9:      layout_small_grid, mainiacjoe_overflow_boulevard,
          overflow_temple_1_default, grunt_gozag_breadcrumbs,
          minmay_lair_entry_grove, david_orc_4, grunt_decor_arrowhead
Temple:   ebering_the_none_and_only

Notes
Turn   | Place    | Note
-------+----------+-------------------------------------------
     0 | D:1      | Sobieck the Kobold Earth Elementalist began the quest for
                  | the Orb.
     0 | D:1      | Reached XP level 1. HP: 10/10 MP: 3/3
   133 | D:1      | Reached skill level 3 in Stealth
   275 | D:1      | You add the spells Sting, Poisonous Vapours and Olgreb's
                  | Toxic Radiance to your library.
   347 | D:1      | Reached XP level 2. HP: 15/15 MP: 3/5
   575 | D:1      | Learned a level 2 spell: Passwall
  1060 | D:2      | Reached XP level 3. HP: 19/19 MP: 3/6
  1092 | D:2      | Reached skill level 1 in Short Blades
  1292 | D:2      | Reached XP level 4. HP: 12/24 MP: 2/7
  1445 | D:2      | Reached skill level 4 in Stealth
  1445 | D:2      | Reached skill level 4 in Earth Magic
  1519 | D:2      | Reached skill level 2 in Short Blades
  1591 | D:2      | Reached XP level 5. HP: 28/28 MP: 5/8
  1790 | D:2      | Found a faded altar of an unknown god.
  2206 | D:3      | HP: 1/28 [orc priest/+0 hand axe (7)]
  2596 | D:3      | Reached skill level 3 in Short Blades
  2736 | D:3      | HP: 7/28 [orc/+0 mace (3)]
  2989 | D:3      | Found a bloodstained altar of Trog.
  3060 | D:3      | Found an iron altar of Okawaru.
  3093 | D:3      | Reached XP level 6. HP: 32/32 MP: 6/9
  3257 | D:3      | Found a white marble altar of Elyvilon.
  3428 | D:3      | Reached skill level 5 in Stealth
  3428 | D:3      | Reached skill level 5 in Earth Magic
  3788 | D:4      | You add the spells Conjure Flame, Ignite Poison and Sticky
                  | Flame to your library.
  3901 | D:4      | Reached XP level 7. HP: 36/36 MP: 7/10
  3906 | D:4      | Learned a level 4 spell: Petrify
  4175 | D:4      | Found a sparkling altar of Nemelex Xobeh.
  4225 | D:4      | Reached skill level 4 in Short Blades
  4308 | D:4      | Found a radiant altar of Vehumet.
  4532 | D:4      | Found Kodush's General Store.
  4538 | D:4      | Bought a +1 helmet for 126 gold pieces
  4538 | D:4      | Bought a scroll of enchant armour for 82 gold pieces
  4842 | D:5      | Entered Level 5 of the Dungeon
  4988 | D:5      | Reached skill level 6 in Stealth
  4988 | D:5      | Reached skill level 6 in Earth Magic
  5227 | D:5      | Found an ancient bone altar of Kikubaaqudgha.
  5241 | D:5      | Reached skill level 5 in Short Blades
  5339 | D:5      | Reached skill level 7 in Stealth
  5339 | D:5      | Reached XP level 8. HP: 32/41 MP: 8/11
  5462 | D:5      | Found a glowing silver altar of Zin.
  5817 | D:6      | Reached skill level 6 in Short Blades
  6043 | D:6      | Reached skill level 8 in Stealth
  6351 | D:6      | Reached skill level 7 in Short Blades
  6434 | D:6      | You fall into a shaft and drop 1 floor!
  6449 | D:7      | Reached skill level 9 in Stealth
  6538 | D:6      | Found a staircase to the Ecumenical Temple.
  6544 | Temple   | Entered the Ecumenical Temple
  6613 | D:6      | Reached skill level 1 in Fighting
  6983 | D:6      | You add the spells Tukima's Dance, Passage of Golubria and
                  | Yara's Violent Unravelling to your library.
  7097 | D:7      | Reached XP level 9. HP: 46/48 MP: 9/13
  7102 | D:7      | Reached skill level 2 in Transmutations
  7108 | D:7      | HP: 12/48 [poisoned by an orc priest]
  7514 | D:7      | HP: 11/46 [wight/+5 war axe (6)]
  7520 | D:7      | Reached skill level 2 in Fighting
  7520 | D:7      | Reached skill level 3 in Spellcasting
  7915 | D:7      | Found a hazy altar of Hepliaklqana.
  8025 | D:7      | Became a worshipper of Hepliaklqana the Forgotten
  8083 | D:7      | Found a snail-covered altar of Cheibriados.
  8200 | D:8      | Found a flagged portal.
  8249 | Bailey   | Entered a bailey
  8406 | Bailey   | Reached skill level 3 in Fighting
  8406 | Bailey   | Reached skill level 8 in Short Blades
  8406 | Bailey   | Reached skill level 3 in Transmutations
  8828 | D:8      | Found a shimmering altar of Xom.
  8841 | D:8      | Reached skill level 4 in Spellcasting
  9094 | D:7      | Reached skill level 7 in Earth Magic
  9150 | D:7      | Reached * piety under Hepliaklqana
  9151 | D:7      | Found a hide-covered altar of Uskayaw.
  9166 | D:7      | Reached skill level 4 in Fighting
  9166 | D:7      | Reached XP level 10. HP: 50/50 MP: 14/16
  9191 | D:7      | Reached skill level 4 in Transmutations
  9455 | D:8      | Found a basalt altar of Yredelemnul.
  9683 | D:8      | Found a stormy altar of Qazlal.
  9710 | D:8      | Found an ornate altar of the Wu Jian Council.
  9905 | D:8      | Found a shadowy altar of Dithmenos.
  9969 | D:8      | Reached skill level 9 in Short Blades
 10030 | D:8      | Noticed Joseph
 10074 | D:8      | Killed Joseph
 10075 | D:8      | Reached skill level 5 in Spellcasting
 10096 | D:8      | Noticed a centaur warrior
 10109 | D:8      | Killed a centaur warrior
 10110 | D:8      | Reached skill level 5 in Fighting
 10110 | D:8      | Reached skill level 5 in Transmutations
 10268 | D:8      | Reached skill level 8 in Earth Magic
 10576 | D:9      | Reached skill level 10 in Short Blades
 10585 | D:9      | Reached skill level 6 in Spellcasting
 10646 | D:9      | Reached skill level 6 in Fighting
 10646 | D:9      | Reached XP level 11. HP: 57/57 MP: 18/20
 10655 | D:9      | Found a staircase to the Lair.
 10673 | D:9      | HP: 13/57 [killer bee (2)]
 10674 | D:9      | HP: 6/57 [killer bee (2)]
 10675 | D:9      | Slain by a basilisk

Vanquished Creatures
  A centaur warrior (D:8)
  Joseph (D:8)
  A slime creature (D:8)
  A wyvern (D:9)
  A steam dragon (D:8)
  An acid dragon (D:8)
  6 water moccasins
  3 orc warriors (Bailey)
  A sky beast (D:7)
  A centaur (D:9)
  2 phantoms
  A kobold brigand (D:6)
  3 bullfrogs
  2 gnoll sergeants
  2 necrophages (D:4)
  2 scorpions
  6 wights
  6 killer bees
  9 howler monkeys
  4 crimson imps (D:8)
  6 hounds
  2 jellies
  5 orc priests
  2 gnoll boudas (D:8)
  3 orc wizards
  A mummy (D:7)
  16 gnolls
  9 adders
  2 shadow imps (D:6)
  3 dart slugs
  28 orcs
  4 ball pythons
  4 bats
  5 endoplasms
  A giant cockroach (D:2)
  11 goblins
  10 hobgoblins
  A quokka (D:5)
  2 frilled lizards (D:1)
  28 kobolds
  8 rats
205 creatures vanquished.

Vanquished Creatures (collateral kills)
  A yak (D:8)
  An acid dragon (D:7)
  A wight (D:8)
3 creatures vanquished.

Vanquished Creatures (others)
  2 ancestors (D:9)
  2 fungi (D:9)
  24 plants
  2 withered plants (D:5)
30 creatures vanquished.

Grand Total: 238 creatures vanquished

Table legend:
 A = Non-vault XP
 B = Vault XP
 C = Vault XP percentage of total XP
 D = Non-vault monster count
 E = Vault monster count
 F = Vault count percentage of total count
                 A         B        C        D         E       F
            +---------+---------+-------+---------+---------+-------
      Total |    4159 |    3878 |  48.3 |     166 |      42 |  20.2
            +---------+---------+-------+---------+---------+-------
        D:1 |      41 |       0 |   0.0 |      15 |       0 |   0.0
        D:2 |     160 |       0 |   0.0 |      30 |       0 |   0.0
        D:3 |     142 |       0 |   0.0 |      22 |       0 |   0.0
        D:4 |     287 |       2 |   0.7 |      12 |       1 |   7.7
        D:5 |     485 |       0 |   0.0 |      14 |       0 |   0.0
        D:6 |     818 |       0 |   0.0 |      24 |       0 |   0.0
        D:7 |    1069 |      18 |   1.7 |      26 |       1 |   3.7
        D:8 |     762 |    2592 |  77.3 |      18 |      14 |  43.8
        D:9 |     395 |     796 |  66.8 |       5 |       5 |  50.0
     Bailey |       0 |     470 | 100.0 |       0 |      21 | 100.0
            +---------+---------+-------+---------+---------+-------

Illustrated notes

Table legend:
 A = Kills in this place as a percentage of kills in entire the game.
 B = Kills by you in this place as a percentage of kills by you in the entire game.
 C = Kills by friends in this place as a percentage of kills by friends in the entire game.
 D = Other kills in this place as a percentage of other kills in the entire game.
 E = Experience gained in this place as a percentage of experience gained in the entire game.
 F = Experience gained in this place divided by the number of levels of this place that you have seen.
                   A       B       C       D       E      F
               +-------+-------+-------+-------+-------+----------------------
         Total | 100.0 | 100.0 | 100.0 |   N/A | 100.0 | 730.6
       Dungeon |  89.9 |  89.8 | 100.0 |   N/A |  94.2 | 840.8
        Bailey |  10.1 |  10.2 |   0.0 |   N/A |   5.8 | 470.0
               +-------+-------+-------+-------+-------+----------------------

Table legend: (Time is in decaauts)
 A = Elapsed time spent in this place.
 B = Non-inter-level travel time spent in this place.
 C = Inter-level travel time spent in this place.
 D = Time resting spent in this place.
 E = Time spent auto-exploring this place.
 F = Levels seen in this place.
 G = Mean time per level.
                   A        B        C        D        E       F      G
               +--------+--------+--------+--------+--------+-----+--------+
         Total |  10858 |  10572 |    286 |   2080 |   7044 |  11 |  987.1 |
       Dungeon |  10441 |  10155 |    286 |   2042 |   6888 |   9 | 1160.1 |
        Temple |      1 |      1 |      0 |      0 |      0 |   1 |    1.0 |
        Bailey |    415 |    415 |      0 |     38 |    156 |   1 |  415.0 |
               +--------+--------+--------+--------+--------+-----+--------+

Top non-repeatable levels by time:
     D:6: 1579 daAuts
     D:8: 1545 daAuts
     D:1: 1426 daAuts
     D:4: 1334 daAuts
     D:3: 1173 daAuts
     D:2: 1091 daAuts
     D:5: 1039 daAuts
     D:7: 1012 daAuts
  Bailey: 415 daAuts
     D:9: 239 daAuts
  Temple: 1 daAuts
